 Dungeon Crawl Stone Soup version 0.25-a0-1119-g28b6fd0c3b (console) character file.

Game seed: 6884720358557974975, levelgen mode: deterministic

105 Kagalorn the Shield-Bearer (level 5, -1/41 HPs)
             Began as a Formicid Fighter on May 18, 2020.
             Killed by divine providence
             ... invoked by an orc priest
              (12 damage)
             ... on level 3 of the Dungeon.
             The game lasted 00:06:51 (1836 turns).

Kagalorn the Shield-Bearer (Formicid Fighter)       Turns: 1836, Time: 00:06:52

Health: -1/41      AC:  9    Str: 22    XL:     5   Next: 8%
Magic:  5/5        EV:  6    Int:  7    God:
Gold:   147        SH: 10    Dex: 10    Spells: 4/4 levels left

rFire    . . .     SeeInvis +   a - +0 war axe
rCold    . . .     Gourm    .   c - +0 kite shield
rNeg     . . .     Faith    .   e - +0 chain mail (curse)
rPois    .         Spirit   .   (helmet unavailable)
rElec    .         Reflect  .   (no cloak)
rCorr    .         Harm     .   (no gloves)
MR       .....                  (no boots)
Stlth    ..........             (no amulet)
HPRegen  0.13/turn              (no ring)
MPRegen  0.09/turn              (no ring)

@: no status effects
A: permanent stasis, dig shafts and tunnels, four strong arms, antennae 3
a: Dig, Shaft Self


You were on level 3 of the Dungeon.
You were not hungry.

You visited 1 branch of the dungeon, and saw 3 of its levels.

You collected 147 gold pieces.

Inventory:

Hand Weapons
 a - a +0 war axe (weapon)
 m - a +2 vampiric dagger
Missiles
 n - a throwing net (quivered)
Armour
 c - a +0 kite shield (worn)
 e - a cursed +0 chain mail (worn)
Scrolls
 b - a scroll of identify {unknown}
 g - 2 scrolls of enchant armour {unknown}
 i - a scroll of blinking {unknown}
 j - a scroll of amnesia {unknown}
Potions
 d - 2 potions of might
 h - a potion of resistance {unknown}
 k - a potion of brilliance {unknown}
Comestibles
 f - 6 rations


   Skills:
 - Level 3.2 Fighting
 * Level 4.1 Axes
 - Level 3.2 Armour
 + Level 4.7 Shields


You had 4 spell levels left.
You didn't know any spells.
Your spell library was empty.

Dungeon Overview and Level Annotations

Branches:
Dungeon (3/15)

Altars:


Innate Abilities, Weirdness & Mutations

You cannot be hasted, slowed, berserked, paralysed or teleported.
You can dig through walls and to a lower floor.
Your four strong arms can wield two-handed weapons with a shield.
You have a pair of large antennae on your head. (SInv)


Message History

You hit the orc.
The orc is lightly wounded.
You block the orc's attack.
You hit the orc but do no damage.
The orc is lightly wounded.
The orc hits you but does no damage.
You closely miss the orc.
The orc is lightly wounded.
The orc hits you with a +0 club.
* * * LOW HITPOINT WARNING * * *
You hit the orc.
The orc is heavily wounded.
You block the orc's attack.
You slice the orc!!
You kill the orc!
The orc priest closely misses you.
You closely miss the orc priest.
The orc priest calls down the wrath of Beogh upon you.
Beogh smites you!
You die...

######...######.
#.....# . ##...## ##.
##.## #.. #.# #.# #.#
#.# ##†## #.# ##
##...## #.# ..#
##.....## #@#####..###
#.......###o##.#......
#.........##o#..)..>##.
+.........'....†o......
#.........####......##.
##.......## ##...###
##.)...## ##..# ##...##
..# ##+# ....


You could see an orc priest and an orc.

Vanquished Creatures
  4 adders
  2 worms (D:2)
  3 dart slugs (D:1)
  2 orcs (D:3)
  A ball python (D:1)
  12 bats
  4 giant cockroaches
  7 goblins
  4 hobgoblins
  3 jackals (D:2)
  3 frilled lizards (D:1)
  5 kobolds
  5 rats
55 creatures vanquished.

Notes
Turn   | Place    | Note
-------+----------+-------------------------------------------
     0 | D:1      | Kagalorn the Formicid Fighter began the quest for the Orb.
     0 | D:1      | Reached XP level 1. HP: 18/18 MP: 1/1
   171 | D:1      | Reached XP level 2. HP: 21/24 MP: 2/2
   500 | D:1      | Reached XP level 3. HP: 28/29 MP: 3/3
  1047 | D:2      | Reached XP level 4. HP: 24/35 MP: 4/4
  1797 | D:3      | Reached XP level 5. HP: 41/41 MP: 5/5
  1836 | D:3      | Killed from afar by an orc priest

Illustrated notes

Levels and vault maps discovered:
D:1:      heliophobic_arrival_ceremonial_halls, layout_basic, minmay_ruptured
D:2:      layout_basic
D:3:      layout_loops_corners, chequers_mini_garden, elyvilon_altar_4

Skill      XL: |  1  2  3  4 |
---------------+-------------+-----
Shields        | 4 |  4.7
Axes           | 3 4 |  4.1
Fighting       | |  3.2
Armour         | |  3.2

Action                   |  1- 3 |  4- 6 || total
-------------------------+-------+-------++-------
Melee: War axe           |   122 |    81 ||   203
  Eat: Chunk             |     1 |     2 ||     3
Armor: Scale mail        |    17 |       ||    17
       Chain mail        |    40 |    47 ||    87
Dodge: Dodged            |    28 |    24 ||    52
Block: Kite shield       |    65 |    42 ||   107

Table legend:
 A = Non-vault XP
 B = Vault XP
 C = Vault XP percentage of total XP
 D = Non-vault monster count
 E = Vault monster count
 F = Vault count percentage of total count
                 A         B        C        D         E       F
            +---------+---------+-------+---------+---------+-------
      Total |     146 |       4 |   2.7 |      52 |       3 |   5.5
            +---------+---------+-------+---------+---------+-------
        D:1 |      49 |       4 |   7.5 |      26 |       3 |  10.3
        D:2 |      63 |       0 |   0.0 |      20 |       0 |   0.0
        D:3 |      34 |       0 |   0.0 |       6 |       0 |   0.0
            +---------+---------+-------+---------+---------+-------
